 Dungeon Crawl Stone Soup version 0.26-a0-720-g2a1d101370 (webtiles) character file.

Game seed: 9879909211259207377

14713 robertstho the Grappler (level 11, -1/101 HPs)
             Began as a Troll Fighter on Nov 2, 2020.
             Was a High Priest of Okawaru.
             Killed from afar by a manticore (19 damage)
             ... with a volley of spikes
             ... on level 11 of the Dungeon.
             The game lasted 00:13:43 (9445 turns).

robertstho the Grappler (Troll Fighter)             Turns: 9445, Time: 00:13:46

Health: -1/101     AC: 11    Str: 28    XL:     11   Next: 92%
Magic:  10/10      EV: 12    Int:  8    God:    Okawaru [*****.]
Gold:   291        SH: 11    Dex:  9    Spells: 10/10 levels left

rFire    x . .     SeeInvis .     - Unarmed
rCold    + + .     Faith    .   b - +0 kite shield
rNeg     . . .     Spirit   .   a - +0 robe
rPois    .         Reflect  .   B - +2 hat {Int+3}
rElec    .         Harm     .   r - +2 cloak
rCorr    .         Rampage  .   (gloves unavailable)
MR       .....                  (boots unavailable)
Stlth    ++........             J - amulet of magic regeneration
HPRegen  0.66/turn              h - ring of protection from cold
MPRegen  0.37/turn              x - ring of ice

@: barbed spikes
A: large, unfitting armour, claws 3, regeneration 1, shaggy fur 1, tough skin 3
a: Heroism, Finesse, Renounce Religion


You were on level 11 of the Dungeon.
You worshipped Okawaru.
Okawaru was extremely pleased with you.
You visited 2 branches of the dungeon, and saw 12 of its levels.
You also visited: Sewer.

You collected 850 gold pieces.
You spent 559 gold pieces at shops.

Inventory:

Hand Weapons
 N - a +3 scimitar of flaming
Armour
 a - a +0 robe (worn)
 b - a +0 kite shield (worn)
 r - a +2 cloak (worn)
 B - a +2 hat of intelligence (worn)
Jewellery
 h - a ring of protection from cold (left claw)
 l - a +4 ring of evasion
 s - an uncursed ring of fire
 x - a ring of ice (right claw)
 I - an uncursed ring of positive energy
 J - an amulet of magic regeneration (around neck)
 K - an uncursed ring of fire
Wands
 f - a wand of acid (5)
 u - a wand of paralysis (2)
 w - a wand of disintegration (12)
 D - a wand of random effects (9)
Scrolls
 e - a scroll of enchant weapon {unknown}
 j - 7 scrolls of remove curse
 k - a scroll of fog
 o - 3 scrolls of teleportation
 t - a scroll of immolation {unknown}
 v - a scroll of identify
 y - 2 scrolls of enchant armour {unknown}
 A - a scroll of brand weapon
 H - 2 scrolls of fear
 L - a scroll of blinking
Potions
 c - 3 potions of might
 d - 2 potions of lignification
 g - 3 potions of flight
 i - 7 potions of curing
 m - 3 potions of haste
 n - 2 potions of berserk rage
 p - 2 potions of mutation
 q - 2 potions of heal wounds
 z - 2 potions of stabbing
 E - 4 potions of cancellation
 F - a potion of magic
 G - a potion of invisibility


   Skills:
 + Level 4.3 Fighting
 + Level 7.1 Dodging
 + Level 3.5 Stealth
 + Level 7.6 Shields
 + Level 13.3 Unarmed Combat
 + Level 1.2 Invocations
 + Level 0.3 Evocations


You had 10 spell levels left.
You didn't know any spells.
Your spell library contained the following spells:

 Spells                   Type           Power        Failure   Level
 Corona                   Hex            #......      50%         1
 Ensorcelled Hibernation  Hex/Ice        #.....       65%         2
 Confusing Touch          Hex            #.......     86%         3
 Dazzling Flash           Conj/Hex       #.....       86%         3
 Tukima's Dance           Hex            #.......     86%         3


Dungeon Overview and Level Annotations

Branches:
Dungeon (11/15)            Temple (1/1) D:5            Lair (0/6) D:10
    Orc (0/2) D:10          Sewer (visited)

Altars:
Ashenzari
Cheibriados
Dithmenos
Elyvilon
Fedhas
Gozag
Hepliaklqana
Kikubaaqudgha
Makhleb
Nemelex Xobeh
Okawaru
Qazlal
Ru
Sif Muna
Trog
Vehumet
Wu Jian
Xom
Yredelemnul
The Shining One

Shops:
D:8 !   D:9 }   D:10 (

Annotations:
D:8 1 runed translucent door


Innate Abilities, Weirdness & Mutations

You are too large for most types of armour.
You have claws for hands.
Your natural rate of healing is unusually fast.
You are covered in fur. (AC +1)
You have extremely tough skin. (AC +3)


Message History

The manticore flicks its tail.
The volley of spikes hits you.
The barbed spikes become lodged in your body.
You feel much better.
The manticore flicks its tail.
The volley of spikes hits you!
The barbed spikes become lodged in your body.
Throwing (i - inventory)
C - a large rock (quivered)
Press: ? - help, Shift-Dir - straight line, f/p - manticore
Aim: a manticore (heavily wounded)
You throw a large rock. The large rock hits the manticore!
The manticore is severely wounded.
The manticore flicks its tail.
The volley of spikes hits you!!
The barbed spikes become lodged in your body.
* * * LOW HITPOINT WARNING * * *
The manticore flicks its tail.
The volley of spikes hits you!!
The barbed spikes become lodged in your body.
You die...

#.# #.## #.#
#..### #.##
##...# #..#
#####'###
####.####
#.......#
#...>...#
#.......#
##.......#
#.....(.#
##..........
#.)))...#
.........###
#@......#
##.......#
+.......#
#.......#
#H......#
#.......#
#(......#
###.#####
#(.....## ..
..###### ##
... ... ..+
... ((. ###


You could see a manticore.

Vanquished Creatures
  Gastronok (D:9)
  The ghost of Schnaeble the Fighter, a journeyman MiGl of Makhleb (D:10)
  A hydra (D:6)
  4 two-headed ogres
  The ghost of handsome the Covert, a novice OpWn of Xom (D:7)
  An efreet (D:11)
  An ice devil (D:10)
  Sigmund (D:5)
  2 centaur simulacra (D:10)
  11 yaks (D:11)
  A soldier ant (D:10)
  A water moccasin (D:10)
  9 ice beasts
  6 orc warriors
  A sky beast (D:8)
  2 black bears
  2 phantoms
  A necrophage (D:8)
  3 ogres
  5 centaurs
  The ghost of dongler the Ruffian, an amateur DrTm of Sif Muna (D:3)
  3 big kobolds
  5 bullfrogs
  A wyvern zombie (D:6)
  4 scorpions
  13 killer bees
  6 howler monkeys
  A bullfrog zombie (D:7)
  3 jellies
  3 centaur skeletons
  3 hounds
  9 orc wizards
  2 bullfrog skeletons
  7 orc priests
  3 iguanas
  7 worker ants
  A bullfrog simulacrum (D:10)
  3 hound zombies
  7 gnolls
  18 adders
  2 river rats (Sewer)
  A hound simulacrum (D:10)
  A shadow imp (D:10)
  2 white imps
  A howler monkey simulacrum (D:10)
  3 worker ant simulacra
  2 ufetubi
  2 oozes (D:2)
  An adder skeleton (D:5)
  2 worms (D:2)
  6 leopard geckos
  24 orcs
  7 giant cockroaches
  4 goblins (D:1)
  6 hobgoblins
  12 jackals
  2 quokkas
  2 ball pythons
  7 bats
  3 frilled lizards
  A giant cockroach simulacrum (D:3)
  A jackal simulacrum (D:3)
  19 kobolds
  A leopard gecko skeleton (D:4)
  A leopard gecko zombie (D:5)
  3 quokka simulacra (D:3)
  A quokka skeleton (D:5)
  8 rats
280 creatures vanquished.

Vanquished Creatures (others)
  An orc (D:11)
  A quokka (D:3)
2 creatures vanquished.

Grand Total: 282 creatures vanquished

Notes
Turn   | Place    | Note
-------+----------+-------------------------------------------
     0 | D:1      | robertstho the Troll Fighter began the quest for the Orb.
     0 | D:1      | Reached XP level 1. HP: 22/22 MP: 0/0
   262 | D:1      | Reached XP level 2. HP: 21/29 MP: 1/1
   742 | D:2      | Reached XP level 3. HP: 36/36 MP: 2/2
   998 | D:2      | Reached XP level 4. HP: 44/44 MP: 3/3
  1270 | D:2      | Reached skill level 3 in Unarmed Combat
  1452 | D:2      | Found a stormy altar of Qazlal.
  1689 | D:3      | Found a radiant altar of Vehumet.
  1751 | D:3      | Found a shimmering altar of Xom.
  1811 | D:3      | Noticed dongler's ghost (amateur DrTm)
  1893 | D:3      | Found a runed translucent gate.
  1893 | D:3      | Found a runed translucent gate.
  1893 | D:3      | Found a runed translucent gate.
  2166 | D:3      | Reached XP level 5. HP: 52/52 MP: 4/4
  2548 | D:3      | Killed dongler's ghost
  2552 | D:3      | Reached skill level 4 in Unarmed Combat
  2645 | D:4      | Found a glowing drain.
  2689 | Sewer    | Entered a sewer
  2693 | Sewer    | Reached XP level 6. HP: 55/59 MP: 5/5
  2784 | Sewer    | Found a white marble altar of Elyvilon.
  3016 | D:4      | Found a white marble altar of Elyvilon.
  3044 | D:4      | Reached skill level 5 in Unarmed Combat
  3092 | D:4      | Reached XP level 7. HP: 67/67 MP: 6/6
  3351 | D:5      | Entered Level 5 of the Dungeon
  3455 | D:5      | Found an ornate altar of the Wu Jian Council.
  3484 | D:5      | Found an opulent altar of Gozag.
  3567 | D:5      | Noticed Sigmund
  3578 | D:5      | Killed Sigmund
  3632 | D:5      | Reached skill level 6 in Unarmed Combat
  3655 | D:5      | Reached XP level 8. HP: 53/75 MP: 7/7
  3675 | D:5      | Reached skill level 1 in Stealth
  3714 | D:5      | Found a staircase to the Ecumenical Temple.
  3777 | D:5      | Reached skill level 7 in Unarmed Combat
  3782 | Temple   | Entered the Ecumenical Temple
  3803 | Temple   | Became a worshipper of Warmaster Okawaru
  3859 | D:5      | Found a sparkling altar of Nemelex Xobeh.
  4425 | D:6      | Reached skill level 8 in Unarmed Combat
  4466 | D:6      | Reached skill level 5 in Dodging
  4515 | D:6      | Noticed a six-headed hydra
  4528 | D:6      | Killed a 14-headed hydra
  4528 | D:6      | Reached * piety under Okawaru
  4528 | D:6      | Reached XP level 9. HP: 83/83 MP: 8/8
  4621 | D:6      | Found a shimmering blue altar of Sif Muna.
  4683 | D:6      | Reached ** piety under Okawaru
  5070 | D:7      | Reached skill level 9 in Unarmed Combat
  5093 | D:7      | Found a runed translucent gate.
  5100 | D:7      | Found a shadowy altar of Dithmenos.
  5128 | D:7      | Reached skill level 5 in Shields
  5389 | D:7      | Found a runed translucent gate.
  5390 | D:7      | Found a runed translucent gate.
  5463 | D:7      | Found a basalt altar of Yredelemnul.
  5658 | D:7      | Noticed handsome's ghost (novice OpWn)
  5912 | D:7      | Killed handsome's ghost
  5912 | D:7      | Reached skill level 10 in Unarmed Combat
  6000 | D:8      | Reached XP level 10. HP: 77/91 MP: 9/9
  6009 | D:8      | Reached *** piety under Okawaru
  6093 | D:8      | Found Nuneg's Distillery.
  6097 | D:8      | Bought a potion of curing for 39 gold pieces
  6097 | D:8      | Bought a potion of curing for 39 gold pieces
  6097 | D:8      | Bought a potion of stabbing for 52 gold pieces
  6097 | D:8      | Bought a potion of cancellation for 104 gold pieces
  6097 | D:8      | Bought a potion of magic for 104 gold pieces
  6097 | D:8      | Bought a potion of invisibility for 104 gold pieces
  6097 | D:8      | Bought a potion of heal wounds for 65 gold pieces
  6097 | D:8      | Bought a potion of might for 52 gold pieces
  6204 | D:8      | Noticed a two-headed ogre
  6207 | D:8      | Found a glowing golden altar of the Shining One.
  6214 | D:8      | Killed a two-headed ogre
  6380 | D:8      | Found a runed translucent door.
  6380 | D:8      | Noticed an angel
  6381 | D:8      | Found a white marble altar of Elyvilon.
  6878 | D:8      | Found a broken altar of Ashenzari.
  6904 | D:9      | Noticed Gastronok
  6923 | D:9      | Killed Gastronok
  6923 | D:9      | Reached **** piety under Okawaru
  6923 | D:9      | Reached skill level 11 in Unarmed Combat
  7163 | D:9      | Found Ceanuah's Gadget Shoppe.
  7303 | D:9      | Found a burning altar of Makhleb.
  7586 | D:10     | Entered Level 10 of the Dungeon
  7599 | D:10     | Found a staircase to the Orcish Mines.
  7740 | D:10     | Reached XP level 11. HP: 98/98 MP: 10/10
  7773 | D:10     | Found Caczyggumni's Weapon Emporium.
  7848 | D:10     | Found a runed translucent gate.
  7848 | D:10     | Found a runed translucent gate.
  7848 | D:10     | Found a runed translucent gate.
  7915 | D:10     | Found a staircase to the Lair.
  7918 | D:10     | Reached ***** piety under Okawaru
  8039 | D:10     | Noticed a two-headed ogre
  8044 | D:10     | Killed a two-headed ogre
  8044 | D:10     | Reached skill level 12 in Unarmed Combat
  8367 | D:10     | Noticed Schnaeble's ghost (journeyman MiGl)
  8777 | D:10     | Killed Schnaeble's ghost
  8777 | D:10     | Received a gift from Okawaru
  9067 | D:11     | Noticed a two-headed ogre
  9075 | D:11     | Killed a two-headed ogre
  9150 | D:11     | Noticed a two-headed ogre
  9186 | D:11     | Reached skill level 1 in Invocations
  9188 | D:11     | Killed a two-headed ogre
  9188 | D:11     | Reached skill level 13 in Unarmed Combat
  9445 | D:11     | Killed from afar by a manticore

Illustrated notes

Levels and vault maps discovered:
D:1:      saegor_arrival_simple_b, layout_basic, minmay_3d_cube
D:2:      layout_loops_corners, nicolae_qazlal_general_emergency
D:3:      layout_loops_corners, old_standard_altar, fiery_altar_vehumet,
          gammafunk_ghost_icy
D:4:      layout_basic, old_standard_altar, gup_sewer_entry_glass
D:5:      cheibrodos_helix_gallery, layout_basic, lemuel_doored_altar,
          nicolae_gozag_cash_rules_everything_around_me,
          nemelex_xobeh_ov_fountains_minmay, temple_fountains,
          dk_noncrumbling_3, uniq_sigmund
D:6:      layout_gridville, led_sif_book, minmay_between
D:7:      layout_basic, kennysheep_mini, nicolae_dithmenos_shadow_blocks,
          ebering_ghost_rock_garden, minmay_manual_moon
D:8:      lemuel_upstairs_altar, layout_basic, tso_metal_star,
          kennysheep_mini_moat, serial_shops, shop, lemuel_angel_altar
D:9:      layout_roguey, makhleb_heckhound_becter, serial_shops, shop_statue,
          minmay_holes, kennysheep_nub, uniq_gastronok
D:10:     layout_loops_corners, grunt_lair_entry_orc_guard_hut, david_orc_3,
          gammafunk_ghost_icy, serial_shops, shop_statue
D:11:     layout_roguey, serial_shops, shop
Temple:   compressed_dpeg_triangle_lava_temple

Skill      XL: |  1  2  3  4  5  6  7  8  9 10 11 |
---------------+----------------------------------+-----
Shields        | 3 4 5 6 7 |  7.6
Dodging        | 3 4 5 6 7 |  7.1
Unarmed Combat | 3 4 5 6 8 10 11 13 | 13.3
Fighting       | 3 4 |  4.3
Stealth        | 2 3 |  3.5
Invocations    | 1 |  1.2
Evocations     | |  0.3

Action                   |  1- 3 |  4- 6 |  7- 9 | 10-12 || total
-------------------------+-------+-------+-------+-------++-------
Melee: Unarmed           |    93 |   167 |   253 |   366 ||   879
Throw: Large rock        |       |       |       |     6 ||     6
Invok: Heroism           |       |       |     2 |     3 ||     5
Evoke: Wand              |       |       |     4 |       ||     4
  Use: Scroll            |       |    11 |     1 |     7 ||    19
       Potion            |       |       |       |     2 ||     2
 Stab: Sleeping          |       |     1 |     3 |     3 ||     7
       Paralysed         |       |       |     8 |       ||     8
       Distracted        |       |       |     1 |     1 ||     2
Armor: Robe              |    20 |    40 |    47 |    69 ||   176
Dodge: Dodged            |    38 |    65 |   123 |   176 ||   402
Block: Kite shield       |    38 |    63 |   120 |   162 ||   383

Table legend: (Time is in decaauts)
 A = Elapsed time spent in this place.
 B = Non-inter-level travel time spent in this place.
 C = Inter-level travel time spent in this place.
 D = Time resting spent in this place.
 E = Time spent auto-exploring this place.
 F = Levels seen in this place.
 G = Mean time per level.
                   A        B        C        D        E       F      G
               +--------+--------+--------+--------+--------+-----+--------+
         Total |   9367 |   9024 |    343 |    276 |   6985 |  13 |  720.5 |
       Dungeon |   9168 |   8843 |    325 |    276 |   6916 |  11 |  833.5 |
        Temple |     39 |     21 |     18 |      0 |     13 |   1 |   39.0 |
         Sewer |    159 |    159 |      0 |      0 |     56 |   1 |  159.0 |
               +--------+--------+--------+--------+--------+-----+--------+

Top non-repeatable levels by time:
    D:10: 1296 daAuts
     D:5: 1019 daAuts
     D:3: 973 daAuts
     D:8: 939 daAuts
     D:2: 901 daAuts
     D:7: 899 daAuts
     D:9: 794 daAuts
     D:1: 771 daAuts
     D:6: 604 daAuts
     D:4: 570 daAuts
    D:11: 398 daAuts
   Sewer: 159 daAuts
  Temple: 39 daAuts
